 Dungeon Sprint DCSS version 0.26-a0-658-gbdda728c12 (webtiles) character file.

Game seed: 2089617616556855622

23489 sahdkjhfkaj the Ninja (level 12, -1/70 HPs)
             Began as a Spriggan Brigand on Oct 4, 2020.
             Was the Champion of Dithmenos.
             Slain by a spriggan berserker
             ... wielding a +0 quarterstaff
              (32 damage)
             ... in the Dungeon (Sprint IV: "Fedhas' Mad Dash").
             The game lasted 00:07:52 (3940 turns).

sahdkjhfkaj the Ninja (Spriggan Brigand)            Turns: 3940, Time: 00:07:53

Health: -1/70      AC:  7    Str:  7    XL:     12   Next: 72%
Magic:  23/23      EV: 36    Int: 12    God:    Dithmenos [******]
Gold:   60         SH:  0    Dex: 23    Spells: 9/11 levels left

rFire    . . .     SeeInvis +   r - +10 quick blade
rCold    + . .     Faith    .   (shield restricted)
rNeg     . . .     Spirit   .   b - +0 robe
rPois    .         Reflect  .   (helmet restricted)
rElec    .         Harm     .   c - +0 cloak
rCorr    .         Rampage  .   (gloves unavailable)
MR       ++...     NoTele   +   (boots unavailable)
Stlth    ++++++++++             l - amulet of invisibility {+Inv}
HPRegen  0.21/turn              m - ring of protection from cold
MPRegen  0.18/turn              n - +4 ring of protection

@: wreathed by umbra, very quick
A: very small, unfitting armour, see invisible, speed 3
a: Shadow Step, Shadow Form, Renounce Religion, Evoke Invisibility


You were in the Dungeon.
You worshipped Dithmenos.
Dithmenos was exalted by your worship.
You visited 1 branch You collected 482 gold pieces.
You spent 422 gold pieces at shops.

Inventory:

Hand Weapons
 r - a +10 quick blade (weapon)
Missiles
 d - 8 poisoned darts (quivered)
 e - 2 curare-tipped darts
Armour
 b - a +0 robe (worn)
 c - a +0 cloak (worn)
Jewellery
 l - the amulet of invisibility (around neck) {+Inv}
   (You found it in the Dungeon)

   [amulet of nothing]

   It lets you turn invisible.
 m - a ring of protection from cold (left hand)
 n - a +4 ring of protection (right hand)
Scrolls
 k - 2 scrolls of blinking
 o - a scroll of identify {unknown}
 p - a scroll of magic mapping {unknown}
 q - a scroll of fear {unknown}
Potions
 a - a potion of cancellation {unknown}
 g - a potion of heal wounds
 h - a potion of haste
 i - 2 potions of magic
 j - a potion of berserk rage
Miscellaneous
 s - a condenser vane (2/2)


   Skills:
 + Level 11.7 Fighting
 + Level 14.7 Short Blades
 - Level 2.0 Throwing
 + Level 18.2 Dodging
 O Level 27 Stealth
 + Level 13.4 Invocations


You had 9 spell levels left.
You knew the following spells:

 Your Spells              Type           Power        Failure   Level
a - Blink                 Tloc           N/A          45%         2

Your spell library contained the following spells:

 Spells                   Type           Power        Failure   Level
 Magic Dart               Conj           #...         32%         1
 Call Imp                 Summ           #.......     45%         2
 Slow                     Hex            #.......     45%         2
 Conjure Flame            Conj/Fire      #.......     69%         3
 Mephitic Cloud           Conj/Pois/Air  #.......     69%         3


Dungeon Overview and Level Annotations

Branches:
Dungeon (1/1)

Altars:
Cheibriados
Dithmenos
Elyvilon
Gozag
Hepliaklqana
Kikubaaqudgha
Makhleb
Nemelex Xobeh
Okawaru
Qazlal
Ru
Sif Muna
Trog
Uskayaw
Vehumet
Wu Jian
Xom
Yredelemnul
Zin
The Shining One
Beogh
Jiyva
Lugonu

Shops:
D ([?![}**?}(:(}?*??:?*

Annotations:
D exclusion: 2 oklob plants


Innate Abilities, Weirdness & Mutations

You are very small and have problems with some larger weapons.
You are too small for most types of armour.
You have supernaturally acute eyesight. (SInv)
You cover ground extremely quickly.


Message History

The spriggan berserker is heavily wounded.
Your shadow hits the spriggan berserker but does no damage.
The spriggan berserker mumbles some strange prayers to Trog.
The spriggan berserker goes berserk!
You hit the spriggan berserker but do no damage.
The spriggan berserker is heavily wounded.
Your shadow hits the spriggan berserker but does no damage.
You puncture the spriggan berserker!
The spriggan berserker is heavily wounded.
Your shadow barely misses the spriggan berserker.
The spriggan berserker hits you with a +0 quarterstaff!!!
Ouch! That really hurt!
You emit a cloud of dark smoke.
You are too injured to fight recklessly!
You are too injured to fight recklessly!
You are too injured to fight recklessly!
You are too injured to fight recklessly!
The spriggan berserker rages.
The spriggan berserker hits you with a +0 quarterstaff!!
You die...

(##...P..+ .+.....P)#
#############
............#########
............'.....).#
............#######.#
###################.#
..♣..♣..♣.)♣§§♣§.♣).#
.......)...§§§§i@)..#
..♣..♣..♣.)♣§§♣..♣..#
#####################


You could see a spriggan berserker (berserk).

Vanquished Creatures
  Agnes (D)
  A ghost moth (D)
  3 spriggan defenders (D)
  3 spriggan berserkers (D)
  3 spriggan druids (D)
  21 oklob plants (D)
  2 moths of wrath (D)
  3 demonic crawlers (D)
  3 wandering mushrooms (D)
  A queen bee (D)
  3 burning bushes (D)
  7 hornets (D)
  2 scorpions (D)
  4 killer bees (D)
  5 oklob saplings (D)
  2 worker ants (D)
  9 spriggans (D)
  A river rat (D)
  A rat (D)
75 creatures vanquished.

Vanquished Creatures (others)
  2 ballistomycete spores (D)
  A bush (D)
  A fungus (D)
4 creatures vanquished.

Grand Total: 79 creatures vanquished

Notes
Turn   | Place    | Note
-------+----------+-------------------------------------------
     0 | D        | sahdkjhfkaj the Spriggan Brigand began the quest for the
                  | Orb.
     0 | D        | Reached XP level 1. HP: 10/10 MP: 2/2
    13 | D        | Reached skill level 8 in Stealth
    13 | D        | Reached XP level 2. HP: 14/14 MP: 3/3
    33 | D        | Noticed an oklob sapling
    35 | D        | Killed an oklob sapling
    35 | D        | Reached skill level 11 in Stealth
    35 | D        | Reached XP level 3. HP: 18/18 MP: 4/4
    38 | D        | Found the amulet of invisibility {+Inv}
    39 | D        | Reached skill level 12 in Stealth
    63 | D        | Found an opulent altar of Gozag.
    63 | D        | Found a hazy altar of Hepliaklqana.
    63 | D        | Found a burning altar of Makhleb.
    63 | D        | Found a roughly hewn altar of Beogh.
    63 | D        | Found a sparkling altar of Nemelex Xobeh.
    63 | D        | Found a snail-covered altar of Cheibriados.
    63 | D        | Found a sacrificial altar of Ru.
    63 | D        | Found a shimmering blue altar of Sif Muna.
    63 | D        | Found a shimmering altar of Xom.
    63 | D        | Found a basalt altar of Yredelemnul.
    64 | D        | Found a viscous altar of Jiyva.
    64 | D        | Found a bloodstained altar of Trog.
    64 | D        | Found an ornate altar of the Wu Jian Council.
    64 | D        | Noticed an oklob sapling priest
    65 | D        | Found an iron altar of Okawaru.
    65 | D        | Found a shadowy altar of Dithmenos.
    65 | D        | Found a glowing silver altar of Zin.
    66 | D        | Found an ancient bone altar of Kikubaaqudgha.
    66 | D        | Found a hide-covered altar of Uskayaw.
    67 | D        | Found a stormy altar of Qazlal.
    67 | D        | Found a white marble altar of Elyvilon.
    67 | D        | Found a glowing golden altar of the Shining One.
    68 | D        | Found a corrupted altar of Lugonu.
    68 | D        | Found a radiant altar of Vehumet.
    73 | D        | Became a worshipper of Dithmenos the Shadowed
    75 | D        | Killed an oklob sapling priest
    75 | D        | Reached skill level 14 in Stealth
    75 | D        | Reached XP level 4. HP: 22/22 MP: 2/5
   132 | D        | Reached skill level 15 in Stealth
   153 | D        | Noticed a queen bee
   160 | D        | Killed a queen bee
   160 | D        | Reached * piety under Dithmenos
   160 | D        | Reached skill level 19 in Stealth
   160 | D        | Reached XP level 5. HP: 25/25 MP: 3/6
   160 | D        | Reached XP level 6. HP: 30/30 MP: 3/7
   161 | D        | Reached skill level 20 in Stealth
   164 | D        | Reached ** piety under Dithmenos
   165 | D        | Reached skill level 21 in Stealth
   165 | D        | Reached XP level 7. HP: 33/33 MP: 4/8
   167 | D        | Noticed an oklob plant
   170 | D        | Killed an oklob plant
   170 | D        | Reached skill level 23 in Stealth
   220 | D        | Noticed a burning bush
   223 | D        | Killed a burning bush
   223 | D        | Reached skill level 24 in Stealth
   223 | D        | Reached XP level 8. HP: 37/37 MP: 6/9
   269 | D        | Noticed a burning bush
   269 | D        | Noticed an oklob plant
   270 | D        | Noticed a wandering mushroom
   271 | D        | Killed a burning bush
   271 | D        | Reached *** piety under Dithmenos
   276 | D        | Killed an oklob plant
   276 | D        | Reached skill level 26 in Stealth
   282 | D        | Killed a wandering mushroom
   282 | D        | Reached XP level 9. HP: 41/41 MP: 8/10
   366 | D        | Reached **** piety under Dithmenos
   390 | D        | Found Neivvup's Magic Scroll Shop.
   390 | D        | Found Siorch's Gadget Emporium.
   396 | D        | Bought a scroll of blinking for 97 gold pieces
   423 | D        | Noticed a burning bush
   423 | D        | Noticed a wandering mushroom
   424 | D        | Noticed a wandering mushroom
   796 | D        | Killed a burning bush
   796 | D        | Reached skill level 27 in Stealth
   796 | D        | Reached skill level 1 in Invocations
   797 | D        | Killed a wandering mushroom
   797 | D        | Reached ***** piety under Dithmenos
   800 | D        | Killed a wandering mushroom
   800 | D        | Reached skill level 5 in Dodging
   805 | D        | Found Xytops's Magic Scroll Shoppe.
   806 | D        | Found Oloon's Book Emporium.
   895 | D        | Noticed a spriggan druid
   896 | D        | Killed a spriggan druid
   896 | D        | Reached skill level 5 in Short Blades
   911 | D        | Noticed an oklob plant conjurer
   912 | D        | Killed an oklob plant conjurer
   912 | D        | Reached skill level 5 in Invocations
   922 | D        | Learned a level 2 spell: Blink
   989 | D        | Noticed Agnes
   991 | D        | Found Mubrav's General Store.
   991 | D        | Found Kudofuh's Magic Scroll Shoppe.
   992 | D        | Killed Agnes
   992 | D        | Reached XP level 10. HP: 49/53 MP: 9/16
  1039 | D        | Noticed a spriggan defender
  1043 | D        | Killed a spriggan defender
  1080 | D        | Noticed a spriggan berserker
  1082 | D        | Killed a spriggan berserker
  1091 | D        | Noticed a spriggan rider
  1099 | D        | Killed a spriggan rider
  1133 | D        | Noticed a ghost moth
  1134 | D        | Found Unyh's Antique Armour Boutique.
  1134 | D        | Found Ycavaagg's Magic Scroll Emporium.
  1134 | D        | Found Ysei's Antique Weapon Shoppe.
  1456 | D        | Killed a ghost moth
  1456 | D        | Reached skill level 10 in Short Blades
  1456 | D        | Reached XP level 11. HP: 60/60 MP: 8/19
  1737 | D        | Noticed an oklob plant shifter
  1737 | D        | Noticed an oklob plant meteorologist
  1741 | D        | Killed an oklob plant meteorologist
  1749 | D        | Killed an oklob plant shifter
  1798 | D        | Noticed a spriggan rider
  1801 | D        | Reached skill level 10 in Invocations
  1803 | D        | Killed a spriggan rider
  1874 | D        | Noticed an oklob plant summoner
  1875 | D        | Found Xeam's Book Emporium.
  1876 | D        | Found Susom's Antique Weapon Shop.
  1881 | D        | Killed an oklob plant summoner
  1939 | D        | Noticed an oklob plant
  1939 | D        | Noticed an oklob plant summoner
  1940 | D        | Noticed an oklob plant shifter
  1944 | D        | Killed an oklob plant
  1944 | D        | Reached ****** piety under Dithmenos
  1946 | D        | Killed an oklob plant summoner
  1952 | D        | Killed an oklob plant shifter
  1962 | D        | Noticed a spriggan rider
  1963 | D        | Found Gaky's Magic Scroll Emporium.
  1967 | D        | Found Jimm's General Store.
  1968 | D        | Killed a spriggan rider
  1968 | D        | Reached skill level 15 in Dodging
  2085 | D        | Noticed an oklob plant demonologist
  2085 | D        | Noticed an oklob plant annihilator
  2086 | D        | Noticed a spriggan berserker
  2396 | D        | Found Diogaen's Antique Armour Shoppe.
  2396 | D        | Found Cyeneog's Gadget Boutique.
  2396 | D        | Found Buihinesk's General Store.
  2397 | D        | Found Urrux's Gadget Emporium.
  2397 | D        | Found Zonkiu's Distillery.
  2397 | D        | Found Muliked's Assorted Antiques.
  2397 | D        | Found Kuckuuti's Weapon Shop.
  2397 | D        | Found Koamielyuq's Magic Scroll Boutique.
  2399 | D        | Noticed an oklob plant
  2400 | D        | Noticed an oklob plant
  2406 | D        | Noticed an oklob plant
  2407 | D        | Noticed an oklob plant
  2408 | D        | Noticed an oklob plant
  2409 | D        | Noticed an oklob plant
  2414 | D        | Bought a scroll of blinking for 105 gold pieces
  2423 | D        | Bought a condenser vane (2/2) for 220 gold pieces
  2467 | D        | Killed a spriggan berserker
  2830 | D        | Noticed an oklob plant
  2833 | D        | Killed an oklob plant
  2833 | D        | Reached skill level 10 in Fighting
  2834 | D        | Noticed an oklob plant
  2836 | D        | Killed an oklob plant
  2837 | D        | Noticed an oklob plant
  2840 | D        | Killed an oklob plant
  2840 | D        | Reached XP level 12. HP: 67/67 MP: 19/21
  2924 | D        | Noticed a spriggan defender
  2924 | D        | Noticed a spriggan defender
  2931 | D        | Killed a spriggan defender
  2932 | D        | Killed a spriggan defender
  3216 | D        | Noticed a death yak
  3675 | D        | Paralysed by a hornet for 2 turns
  3940 | D        | Slain by a spriggan berserker

Illustrated notes

Levels and vault maps discovered:
D:        dungeon_sprint_fedhas [sprint_temple]

Skill      XL: |  1  2  3  4  5  6  7  8  9 10 11 12 |
---------------+-------------------------------------+-----
Stealth        | 8 11 14 19 21 24 26 27 | 27.0
Fighting       | 6 8 10 11 | 11.7
Short Blades   | 7 10 12 14 | 14.7
Dodging        | 9 12 15 18 | 18.2
Invocations    | 6 9 11 13 | 13.4
Throwing       | |  2.0

Action                   |  1- 3 |  4- 6 |  7- 9 | 10-12 || total
-------------------------+-------+-------+-------+-------++-------
Melee: Dagger            |     4 |     6 |    21 |     1 ||    32
       Quick blade       |       |       |       |   170 ||   170
Throw: Dart              |     3 |       |       |       ||     3
Invok: Shadow Step       |       |       |     1 |     3 ||     4
       Shadow Form       |       |       |       |     3 ||     3
 Abil: Evoke Invisibilit |     1 |     1 |     7 |     8 ||    17
Evoke: Condenser vane    |       |       |       |     1 ||     1
  Use: Scroll            |       |       |       |     1 ||     1
       Potion            |       |       |       |     1 ||     1
 Stab: Sleeping          |     4 |     6 |    14 |    26 ||    50
       Invisible         |       |       |     2 |    10 ||    12
       Distracted        |       |       |     1 |     2 ||     3
Dodge: Dodged            |       |       |     1 |    58 ||    59

Table legend: (Time is in decaauts)
 A = Elapsed time spent in this place.
 B = Non-inter-level travel time spent in this place.
 C = Inter-level travel time spent in this place.
 D = Time resting spent in this place.
 E = Time spent auto-exploring this place.
 F = Levels seen in this place.
 G = Mean time per level.
                   A        B        C        D        E       F      G
               +--------+--------+--------+--------+--------+-----+--------+
         Total |   3426 |   3253 |    173 |   2573 |      0 |   1 | 3426.0 |
       Dungeon |   3426 |   3253 |    173 |   2573 |      0 |   1 | 3426.0 |
               +--------+--------+--------+--------+--------+-----+--------+

Top non-repeatable levels by time:
       D: 3426 daAuts
